Map: Kairos Junction LE

Players

Senryakku - Winner!

  • Race: Terran Terran
  • League: Master
  • Spawn Location: 5:00

A.I. 1 (Elite)

  • Race: Zerg Zerg
  • Spawn Location: 11:00

VOD

Have the link to the VOD?

Description

Time

  • Played on: April 11, 2019, 2:14 p.m.
  • Length: 10:43
Show
View Real Time Build Order
Export as new Build Order

Senryakku Terran - Winner!

Build Orders: Liberator Opening 

Get SALT Encoding   

  12  0:00  SCV  
  13  0:13  SCV  
  14  0:17  Supply Depot  
  14  0:25  SCV  
  15  0:39  SCV  
  15  0:40  Barracks  
  16  0:44  Refinery  
  16  0:51  SCV  
  17  1:03  SCV  
  18  1:15  SCV  
  19  1:26  Marine  
  19  1:27  Orbital Command  
  20  1:39  Command Center  
  20  1:44  Marine  
  21  1:53  Supply Depot  
  21  1:54  SCV  
  22  2:06  SCV  
  23  2:09  Factory  
  23  2:10  Barracks Reactor  
  23  2:18  SCV  
  24  2:31  SCV  
  25  2:43  SCV  
  26  2:52  Orbital Command  
  26  2:55  Starport  
  26  2:56  SCV  
  27  2:59  Marine  
  27  3:00  Hellion x2  
  27  3:05  Refinery  
  32  3:10  SCV  
  33  3:16  Marine, Supply Depot  
  33  3:18  SCV  
  35  3:21  Hellion x2  
  35  3:23  SCV  
  40  3:30  SCV  
  40  3:32  Medivac  
  43  3:34  Marine  
  43  3:39  SCV, Supply Depot  
  45  3:42  SCV  
  45  3:46  Armory  
  46  3:50  Hellion x2  
  46  3:52  Liberator  
  46  3:53  SCV  
  46  3:55  SCV  
  52  4:02  Supply Depot  
  55  4:20  SCV x2  
  55  4:23  Marine x2  
  55  4:24  Factory Tech Lab  
  59  4:25  Supply Depot  
  59  4:35  SCV x2  
  61  4:43  Command Center  
  61  4:44  Siege Tank, Marine x2  
  66  4:49  Refinery, SCV x2  
  66  4:50  Refinery  
  66  5:02  SCV x2  
  66  5:03  Marine x2  
  66  5:06  Starport Reactor  
  70  5:14  Barracks  
  70  5:15  Barracks  
  70  5:16  SCV x2  
  70  5:18  Siege Tank  
  74  5:21  Marine x2  
  75  5:29  SCV  
  75  5:30  SCV  
  75  5:42  SCV x2  
  77  5:45  Engineering Bay x2  
  77  5:46  Marine  
  78  5:54  Marine  
  78  5:55  Orbital Command  
  79  6:04  SCV  
  79  6:05  Starport Reactor  
  79  6:06  Factory Tech Lab  
  79  6:08  SCV  
  79  6:09  Marine  
  79  6:10  Stimpack, Marine x2  
  84  6:13  Marine x2  
  84  6:15  Terran Infantry Weapons Level 1, Terran Infantry Armor Level 1  
  86  6:18  Orbital Command  
  86  6:23  Barracks  
  86  6:25  Barracks  
  86  6:28  SCV x2  
  86  6:29  Siege Tank, Marine x2  
  93  6:36  Supply Depot  
  93  6:37  Supply Depot x2  
  93  6:39  Marine x3  
  96  6:47  SCV x3  
  98  6:49  Marine x2  
  98  6:51  Medivac x2  
  105  6:55  Terran Vehicle Weapons Level 1  
  105  6:57  Marine x2  
  105  7:00  Marauder  
  109  7:04  SCV x3  
  112  7:08  Supply Depot  
  112  7:12  Marine x2, Supply Depot  
  112  7:14  Barracks Reactor  
  112  7:15  Barracks Reactor  
  114  7:16  Siege Tank, Marine  
  114  7:17  Marine  
  114  7:20  SCV x3  
  120  7:24  Medivac x2  
  120  7:27  Marauder  
  126  7:32  Supply Depot  
  126  7:36  Supply Depot  
  126  7:38  Refinery  
  126  7:39  SCV x3  
  126  7:40  Refinery  
  126  7:41  Marine x2  
  126  7:42  Marine x2  
  133  7:48  Siege Tank  
  133  7:50  Marine  
  133  7:51  Marine x3  
  138  7:53  SCV x3  
  143  8:01  Marauder  
  143  8:02  Marine x4  
  149  8:09  SCV x3  
  149  8:10  Supply Depot  
  149  8:11  Combat Shield  
  152  8:13  Supply Depot  
  152  8:16  Marine, Medivac x2  
  152  8:17  Marine x2  
  152  8:19  Terran Infantry Armor Level 2, Terran Infantry Weapons Level 2  
  159  8:33  Siege Tank, Factory  
  162  8:36  Command Center  
  162  8:40  SCV x3  
  162  8:41  Marine x2, Supply Depot x2  
  165  8:43  Marauder  
  165  8:44  Marine x2  
  165  8:45  Marine x2  
  165  8:46  Marine  
  165  8:47  Marine  
  175  9:00  Marine x2  
  177  9:06  Supply Depot  
  177  9:09  Siege Tank  
  180  9:12  Marine x4  
  180  9:13  Marauder, Marine x2  
  188  9:21  Factory Tech Lab  
  188  9:22  Sensor Tower  
  188  9:29  Barracks  
  188  9:30  Concussive Shells, Barracks  
  188  9:34  Marine x6  
  188  9:35  Barracks  
  194  9:58  Marauder, Marine x4, Supply Depot  
  200  10:21  Barracks Tech Lab x2, Supply Depot  
  200  10:22  Barracks Reactor  
Show
View Real Time Build Order
Export as new Build Order

A.I. 1 (Elite) Zerg 

Build Orders: Pool First 

Get SALT Encoding   

  12  0:00  Drone  
  13  0:12  Overlord  
  13  0:16  Drone  
  14  0:30  Drone x2  
  16  0:42  Spawning Pool  
  15  0:45  Drone  
  16  0:50  Drone  
  17  1:13  Hatchery  
  17  1:15  Drone  
  17  1:18  Extractor  
  16  1:20  Drone  
  16  1:24  Drone  
  18  1:28  Drone  
  19  1:38  Overlord  
  19  1:49  Drone  
  19  1:51  Queen  
  22  1:59  Zergling x2  
  23  2:10  Drone  
  24  2:21  Drone  
  25  2:26  Queen  
  25  2:27  Roach Warren  
  26  2:31  Drone  
  26  2:35  Extractor  
  26  2:38  Drone  
  27  2:44  Overlord  
  27  2:47  Drone  
  27  2:50  Drone  
  29  2:53  Drone  
  29  2:57  Drone  
  31  2:59  Drone  
  31  3:03  Zergling x2  
  33  3:06  Zergling x2  
  33  3:10  Roach  
  36  3:15  Roach  
  36  3:18  Roach  
  40  3:22  Roach  
  42  3:27  Drone  
  42  3:29  Drone  
  42  3:33  Overlord  
  44  3:39  Lair  
  44  3:43  Metabolic Boost  
  44  3:49  Overlord  
  44  3:51  Drone  
  44  3:53  Drone  
  46  3:56  Drone  
  46  3:58  Zergling x2  
  46  4:00  Zergling x2  
  50  4:02  Zergling x2  
  50  4:10  Evolution Chamber, Drone  
  50  4:14  Evolution Chamber  
  50  4:15  Drone  
  50  4:17  Drone  
  50  4:20  Drone  
  50  4:21  Drone  
  50  4:24  Drone  
  54  4:36  Zerg Missile Weapons Level 1  
  54  4:40  Zerg Ground Armor Level 1  
  54  4:41  Drone, Hydralisk Den  
  54  4:43  Overlord  
  52  4:45  Zergling x2  
  52  4:47  Zergling x2  
  52  4:49  Zergling x2  
  52  4:52  Roach  
  50  4:55  Roach  
  50  4:57  Roach  
  50  4:59  Zergling x2  
  50  5:01  Zergling x2  
  50  5:03  Roach  
  32  5:28  Zergling x2  
  18  7:12  Queen  
  18  7:13  Zergling x2  
  20  7:30  Roach Warren  
  18  8:10  Roach  
  19  9:32  Drone x2, Zergling x2  
  19  9:33  Roach  
  18  10:07  Drone, Zergling x4  
Tags
 
Add a new tag
Caveats
  • Supply blocks, unpowered buildings, or Contaminate may cause inaccurate times.
  • Supply counts are checked every 10 seconds.